 Dungeon Crawl Stone Soup version 0.20-a0-492-g6327889 (webtiles) character file.

469 Klosterheim the Slasher (level 6, -10/51 HPs)
             Began as a Draconian Fighter on Jan 15, 2017.
             Killed by divine providence
             ... invoked by an orc priest
              (12 damage)
             ... on level 4 of the Dungeon.
             The game lasted 00:04:25 (3836 turns).

Klosterheim the Slasher (Draconian Fighter)         Turns: 3836, Time: 00:04:27

Health: -10/51     AC:  9    Str: 20    XL:     6   Next: 82%
Magic:  6/6        EV: 10    Int:  9    God:
Gold:   182        SH:  9    Dex: 10    Spells: 5/5 levels left

rFire    . . .     SeeInvis .   a - +0 long sword
rCold    . . .     Gourm    .   (armour unavailable)
rNeg     . . .     Faith    .   b - +0 shield
rPois    .         Spirit   .   (helmet restricted)
rElec    .         Reflect  .   t - +0 cloak
rCorr    .         Harm     .   p - +1 pair of gloves
MR       .....                  (no boots)
Stlth    +.........             (no amulet)
Regen    0.1/turn               (no ring)
                                (no ring)

@: no status effects
A: unfitting armour, cold-blooded, AC +6
a: no special abilities


You were on level 4 of the Dungeon.
You were hungry.

You visited 1 branch of the dungeon, and saw 4 of its levels.

You collected 182 gold pieces.

Inventory:

Hand Weapons
 a - a +0 long sword (weapon)
Armour
 b - a +0 shield (worn)
 p - a +1 pair of gloves (worn)
 t - a +0 cloak (worn)
Jewellery
 j - an uncursed amulet of faith {unknown}
Scrolls
 g - 3 scrolls of identify {unknown}
 k - a scroll of enchant weapon {unknown}
 l - 3 scrolls of teleportation {unknown}
 m - a scroll of remove curse {unknown}
 n - a scroll of magic mapping {unknown}
 o - 2 scrolls of amnesia {unknown}
 q - a scroll of noise {unknown}
 r - 2 scrolls of enchant armour {unknown}
Potions
 c - a potion of curing
 e - a potion of heal wounds {unknown}
 h - a potion of brilliance {unknown}
 s - a potion of flight {unknown}
 v - a potion of haste {unknown}
Comestibles
 d - 2 bread rations
 f - a beef jerky
 i - 2 meat rations


   Skills:
 - Level 3.2 Fighting
 * Level 7.4 Long Blades
 - Level 2.6 Dodging
 - Level 3.0 Shields


You had 5 spell levels left.
You didn't know any spells.

Dungeon Overview and Level Annotations

Branches:
Dungeon (4/15)
 Temple: D:4-7

Altars:
Nemelex Xobeh
Okawaru


Innate Abilities, Weirdness & Mutations

Your plain brown scales are hard. (AC +6)
You cannot fit into any form of body armour.
You are cold-blooded and may be slowed by cold attacks.


Message History

You feel a bit more experienced.
The orc priest looks braver for a moment.
The orc priest calls down the wrath of Beogh upon you.
Pain shoots through your body!
* * * LOW HITPOINT WARNING * * *
Things that are here:
a dagger; a robe; an orc corpse You hit the orc priest but do no damage.
The orc priest invokes the aid of Beogh against you.
You barely resist. You barely miss the orc priest.
The orc priest hits you but does no damage.
You slash the orc priest!
The orc priest is heavily wounded.
The orc priest calls down the wrath of Beogh upon you.
Beogh smites you!
* * * LOW HITPOINT WARNING * * *
The orc priest calls down the wrath of Beogh upon you.
Beogh smites you!
You die...

####..........#
...'..........##.#
.###..........##.#
.# #.)........##.#
.# #...........#.#
.# #.......###.#.#
.# ######### #.#o#
.# #.#o# ## #.#@#
# #.#.# # #.#.#
#(..# ##..# #..#
##.# ... ....


You could see 2 orc priests.

Vanquished Creatures
  An ogre (D:3)
  A centaur skeleton (D:3)
  3 orc priests (D:4)
  3 orc wizards (D:4)
  Jessica (D:3)
  2 worker ants
  3 adders
  3 worms (D:2)
  2 dart slugs
  6 orcs
  5 giant cockroaches
  3 goblins (D:2)
  6 hobgoblins
  9 jackals
  4 kobolds
  A quokka (D:4)
  9 bats
  4 frilled lizards
  8 rats
74 creatures vanquished.

Notes
Turn   | Place    | Note
-------+----------+-------------------------------------------
     0 | D:1      | Klosterheim the Draconian Fighter began the quest for the Orb.
     0 | D:1      | Reached XP level 1. HP: 19/19 MP: 1/1
   182 | D:1      | Reached XP level 2. HP: 23/26 MP: 2/2
   262 | D:1      | Reached skill level 3 in Long Blades
   987 | D:2      | Reached XP level 3. HP: 30/31 MP: 3/3
  1672 | D:2      | Reached skill level 4 in Long Blades
  1915 | D:2      | Found an iron altar of Okawaru.
  2083 | D:3      | Reached XP level 4. HP: 36/38 MP: 4/4
  2124 | D:3      | Noticed Jessica
  2129 | D:3      | Noticed an ogre
  2140 | D:3      | Killed an ogre
  2140 | D:3      | Reached skill level 5 in Long Blades
  2140 | D:3      | Reached XP level 5. HP: 23/45 MP: 5/5
  2141 | D:3      | Killed Jessica
  2579 | D:3      | Reached skill level 6 in Long Blades
  2609 | D:3      | Noticed a centaur
  2776 | D:4      | Reached XP level 6. HP: 31/51 MP: 6/6
  3247 | D:4      | Reached skill level 7 in Long Blades
  3397 | D:4      | Found a sparkling altar of Nemelex Xobeh.
  3836 | D:4      | HP: 2/51 [orc priest/divine providence (12)]
  3836 | D:4      | Killed from afar by an orc priest

Vault maps used:
D:1:      mrwooster_arrival_arrow
D:2:      lemuel_coloured_pillars_altar
D:3:      uniq_jessica
D:4:      kennysheep_mini_moat, first_bread, st_stairs_11

Skill      XL: |  1  2  3  4  5  6 |
---------------+-------------------+-----
Long Blades    | 3 4 5 6 7 |  7.4
Fighting       | |  3.2
Dodging        | |  2.6
Shields        | |  3.0

Action                   |  1- 3 |  4- 6 || total
-------------------------+-------+-------++-------
Melee: Long sword        |   123 |   124 ||   247
       Tailslap          |    10 |     8 ||    18
  Use: Potion            |       |     2 ||     2
 Stab: Sleeping          |       |     1 ||     1
  Eat: Chunk             |     4 |     5 ||     9
Armor: Skin              |    48 |    37 ||    85
Dodge: Dodged            |    54 |    40 ||    94
Block: Shield            |    50 |    55 ||   105
       Rpst.: Long sword |    21 |    14 ||    35
